[Event "European Women-ch 2023"]
[Site "Petrovac"]
[Date "2023.03.18"]
[Round "1.13"]
[White "Radeva, Viktoria"]
[Black "Popovic, Mateja"]
[Result "1-0"]
[ECO "B85"]
[WhiteElo "2247"]
[BlackElo "1832"]
[Annotator "TA"]
[PlyCount "101"]
[EventDate "2023.03.15"]
[EventType "swiss"]
[EventCountry "MNE"]
[SourceTitle "playchess.com"]
[Source "ChessBase"]
[SourceQuality "1"]
[TimeControl "40/5400+30:1800+30"]

1. e4 c5 2. Nf3 e6 3. d4 cxd4 4. Nxd4 Nc6 5. Nc3 Qc7 6. Be2 Nf6 7. O-O a6 8. Be3 d6 9. f4 Be7 10. Qe1 O-O 11. Qg3 Nxd4 12. Bxd4 b5 13. a3 Bb7 14. Rae1 g6 {[%emt 0:14:19] B85: Sicilian Scheveningen: 6 Be2 a6, lines with early Be3.} 15. Bd3 {[%emt 0:15:15] [#]} (15. f5 $14) 15... e5 $1 $11 {[%emt 0:04:39] [#]} 16. fxe5 $146 ({Predecessor:} 16. Be3 exf4 17. Qxf4 Nd7 18. Bd4 Ne5 19. Re3 Qd8 20. Re2 Bg5 21. Qg3 Bf6 22. Kh1 {½-½ Sarenac,I (2137)-Irizanin,R (2260) Belgrade Winter op 2006 (2)}) 16... Nh5 {[%emt 0:00:13] Black has an edge.} 17. Qf2 dxe5 18. Bb6 Qd6 19. Be3 Nf6 20. Qf3 {[%emt 0:04:29] Prevents Ng4} (20. Bg5 {feels hotter.} Kg7 21. Kh1 Rad8 22. Qa7) 20... Qe6 21. Bg5 Bc5+ (21... Kg7 $11) 22. Kh1 $14 Nh5 23. Nd5 (23. a4 $14) 23... Bxd5 $11 24. exd5 Qd6 {[%emt 0:00:06] Black is weak on the light squares} (24... Qd7 $11) 25. Bh6 $14 Ng7 26. Qf6 (26. g4 $14) 26... Qxf6 $11 27. Rxf6 Rfd8 (27... Bd4 $11) 28. Rc6 $1 $14 (28. Rxe5 $2 Bd4 29. Bf4 Nh5 30. Rxh5 Bxf6 $19) 28... Bd6 (28... Rxd5 $2 29. Be4 Bf2 30. Bxd5 $16) 29. Bg5 $36 {[%emt 0:01:30][%mdl 2048] Keeping Black busy. White is much more active.} Rd7 {[%emt 0:01:05] [#]} 30. a4 $1 Ne8 (30... bxa4 31. c4) 31. axb5 f6 (31... axb5 $14 32. Bxb5 Bb4) 32. Bd2 ({Inferior is} 32. Rxa6 Rxa6 33. bxa6 fxg5 $11) 32... axb5 33. Bxb5 Rb8 {[%emt 0:01:01] Wards off Rb6} 34. Ba4 (34. c4 $18) 34... Nc7 (34... Bf8 $16 {is a better defense.}) 35. Bb3 $2 (35. c4 $18 {is more deadly.}) 35... Rb5 {[%emt 0:00:37] Against b4} (35... Nb5 $16) 36. Be3 Nxd5 $2 (36... Kf7 37. Ra1 Rxb3 {[%mdl 64] Remove Defender} 38. cxb3 Nxd5) 37. Rd1 (37. Bc4 $142 Bf8 38. Rc8 (38. Rxf6 Rxb2 39. Rd1 Kg7 $18)) 37... Be7 (37... Rxb3 $142 38. cxb3 Bf8) 38. Rb6 (38. Bc4 $142 Rxb2 39. Rxd5 Rxd5 40. Bxd5+ Kg7 41. g4) 38... Ra5 $18 39. Bd2 ({Better is} 39. Bg1 $18) 39... Kg7 $1 $14 40. Bxa5 {[%emt 0:00:00] This pair of bishops is nice.} Nxb6 {[%emt 0:00:00] [#]} 41. Rxd7 Nxd7 {[%emt 0:00:12][%mdl 4096] Endgame KBB-KBN} 42. Bd5 f5 43. Kg1 (43. Bc6 $14 Nf6 44. b4) 43... Kf6 44. Kf1 g5 (44... Bc5 $14) 45. c4 ({White should play} 45. b4 $16) 45... Bc5 (45... Nc5 $1 $11 {remains equal.}) 46. b4 $16 Bd4 (46... Bb6 $16 {might work better.}) 47. Bd8+ $18 Kg6 48. Bc6 Nf8 (48... Nf6 49. b5 Ng4) 49. Be8+ {[%emt 0:01:38] White is clearly winning.} Kh6 50. c5 {[%emt 0:00:41][%cal Bc4c5,Bc5c6][%mdl 32] c6 would be deadly.} Ne6 {[%emt 0:01:18] [#]} 51. c6 $1 {[%emt 0:00:26] Weighted Error Value: White=0.38/Black=0.49} 1-0

[Event "European Women-ch 2023"]
[Site "Petrovac"]
[Date "2023.03.18"]
[Round "1.14"]
[White "Kejzar, Petra"]
[Black "Wagner, Dinara"]
[Result "0-1"]
[ECO "B23"]
[WhiteElo "2128"]
[BlackElo "2411"]
[Annotator "TA"]
[PlyCount "46"]
[EventDate "2023.03.15"]
[EventType "swiss"]
[EventCountry "MNE"]
[SourceTitle "playchess.com"]
[Source "ChessBase"]
[SourceQuality "1"]
[TimeControl "40/5400+30:1800+30"]

1. e4 c5 2. Nc3 d6 3. d4 cxd4 4. Qxd4 Nc6 5. Qd2 Nf6 6. b3 {[%emt 0:00:22] B23: Closed Sicilian: Lines without g3.} e6 7. Bb2 d5 {[%emt 0:00:06] is cutting edge theory.} 8. exd5 {[%emt 0:05:16] White has an edge.} exd5 9. O-O-O Be6 10. Nf3 Qa5 {[%emt 0:02:23] [#]} 11. Bb5 $146 ({Predecessor:} 11. Na4 Qxd2+ 12. Rxd2 Ne4 13. Re2 O-O-O 14. Nd4 Nxd4 15. Bxd4 b5 16. Nb2 Bb4 17. f3 {½-½ Harsha,B (2547)-Navara,D (2682) Chess.com Rapid Wk16 Swiss 2022 (3)}) 11... Bb4 12. Rhe1 {[%emt 0:16:37] [#] Inhibits Ne4.} (12. Qe3 $1 $11) 12... Ne4 $1 $17 13. Rxe4 dxe4 14. Nd4 O-O-O 15. Bxc6 bxc6 16. Qe3 Bd5 17. Na4 {[%emt 0:11:48] [#]} Rd7 (17... Rhe8 $1 $17 18. a3 Bf8) 18. Qh3 $2 {[%emt 0:07:57] This move loses the game for White.} (18. a3 $1 $15 Bf8 19. Nf5) 18... Rhd8 $19 {[%emt 0:01:15][%cal Od5e6] ...Be6! is the strong threat.} 19. c3 $2 (19. Qg4 {was worth a try.}) 19... Be7 20. Kc2 Kb7 21. Qxh7 c5 {[%emt 0:03:07] Black is clearly winning.} 22. Ne2 Bc6 23. Rxd7+ Rxd7 {[%emt 0:00:01] Weighted Error Value: White=0.57/Black=0.09 (flawless)} 0-1

[Event "European Women-ch 2023"]
[Site "Petrovac"]
[Date "2023.03.18"]
[Round "1.14"]
[White "Vidic, Teja"]
[Black "Bivol, Alina"]
[Result "0-1"]
[ECO "C28"]
[WhiteElo "2097"]
[BlackElo "2365"]
[Annotator "TA"]
[PlyCount "94"]
[EventDate "2023.03.15"]
[EventType "swiss"]
[EventCountry "MNE"]
[SourceTitle "playchess.com"]
[Source "ChessBase"]
[SourceQuality "1"]
[TimeControl "40/5400+30:1800+30"]

1. e4 e5 2. Nc3 Nc6 3. Bc4 d6 4. d3 Nf6 5. f4 Na5 6. f5 {[%emt 0:04:19] C28: Vienna Game: 2...Nf6 3 Bc4 Nc6.} c6 7. Qf3 b5 8. Bb3 {[%emt 0:00:05] [#] The position is equal.} b4 $146 ({Predecessor:} 8... Bb7 9. g4 Nxb3 10. axb3 a6 11. g5 Nd7 12. Nge2 b4 13. Na4 d5 14. Be3 Bd6 {1-0 Bodrogi,M (2175)-Tardos,A Balaton op Hungary 1999 (1)}) 9. Nd1 d5 10. Ne2 dxe4 11. dxe4 Ba6 12. O-O Bc5+ 13. Kh1 Qb6 14. Bg5 h5 15. Nf2 (15. Re1 $142) 15... Bxf2 16. Bxf6 gxf6 17. Qxf2 Qxf2 18. Rxf2 Rd8 {[%emt 0:00:10] White must now prevent ...Rd2.} 19. Kg1 Ke7 {[%emt 0:08:05] Black is more active.} 20. a3 Nxb3 21. cxb3 bxa3 22. Nc3 Rd7 23. Rxa3 Bb5 24. Nxb5 cxb5 $11 {[%emt 0:00:01][%mdl 4096] Endgame KRR-KRR} 25. Rc2 {[%emt 0:00:07] Dodges Rc8} Rhd8 26. Kf1 Rb7 27. Ke2 {[%emt 0:01:49] Against Rd3} Rd4 28. Ke3 {[%emt 0:00:08] White is now going downhill.} Rbd7 29. h3 b4 30. Ra4 Rd3+ 31. Ke2 (31. Kf2 $142) 31... Rxb3 $17 32. Kf2 h4 33. Re2 {[%emt 0:00:24] [#]} (33. Ra6 $17) 33... Kf8 $1 $19 34. Rc2 (34. Ra5 $17 {is a better defense.}) 34... Kg7 35. Kg1 {[%emt 0:00:26] [#]} (35. Re2 $142) 35... Kh6 $1 36. Rc4 $2 (36. Kf1) 36... Rd1+ (36... Rxb2 $2 {too greedy.} 37. Raxb4 Rxb4 38. Rxb4 $19) 37. Kh2 Re3 (37... Rxb2 $2 {perishes.} 38. Raxb4 Rxb4 39. Rxb4 $19) 38. Rc2 Ree1 39. g4 b3 40. Rf2 Rh1+ 41. Kg2 Rdg1+ {[%emt 0:00:20][%mdl 64] Deflection} 42. Kf3 Rxh3+ 43. Ke2 Rb1 {[%emt 0:00:28] Black mates.} 44. Rxa7 Rxb2+ 45. Kf1 Rh1+ 46. Kg2 Rxf2+ 47. Kxh1 b2 {[%emt 0:00:24] Weighted Error Value: White=0.61/Black=0.06 (flawless)} 0-1

[Event "European Women-ch 2023"]
[Site "Petrovac"]
[Date "2023.03.18"]
[Round "1.14"]
[White "Kobak, Polina"]
[Black "Olde, Margareth"]
[Result "1-0"]
[ECO "D38"]
[WhiteElo "1815"]
[BlackElo "2234"]
[Annotator "TA"]
[PlyCount "129"]
[EventDate "2023.03.15"]
[EventType "swiss"]
[EventCountry "MNE"]
[SourceTitle "playchess.com"]
[Source "ChessBase"]
[SourceQuality "1"]
[TimeControl "40/5400+30:1800+30"]

1. d4 Nf6 2. c4 e6 3. Nf3 d5 4. Nc3 Bb4 5. Qa4+ Nc6 6. e3 O-O 7. Bd2 Bxc3 {[%emt 0:01:48] D38: Queen's Gambit Declined: Ragozin Defence (4 Nf3 Bb4).} 8. Bxc3 Ne4 9. Qc2 a5 {[%emt 0:07:41] White has an edge.} 10. a3 f5 11. Bd3 Bd7 12. O-O {[%emt 0:04:08] [#]} Be8 $146 ({Predecessor:} 12... g5 13. Nd2 Ne7 14. f3 Nxc3 15. bxc3 Qe8 16. e4 Qh5 17. cxd5 exd5 18. c4 dxe4 19. fxe4 {½-½ Spalir,J (2373)-Castejon Caballero,A (2060) EU-ch Rapid Katowice 2021 (6)}) 13. Ne5 (13. cxd5 $16 exd5 14. b4) 13... Nxe5 $11 14. dxe5 Bc6 (14... Nc5 $11) 15. b4 (15. Bd4 $5 ) 15... Nxc3 16. Qxc3 f4 (16... axb4 $11 {remains equal.} 17. axb4 Qg5) 17. b5 (17. bxa5 fxe3 18. fxe3 Qg5 $15) 17... Bd7 18. exf4 {[%emt 0:03:26] White is more active.} Rxf4 19. Qc2 dxc4 20. Bxh7+ Kh8 21. Rad1 Rh4 (21... Qh4 $16) 22. Qd2 $2 (22. Be4 $18 Qe8 23. a4 (23. Bxb7 Rb8 $18)) 22... Kxh7 $16 23. Qxd7 Qc8 {[%emt 0:09:37] A mistake that costs the game.} (23... Qxd7 $16 {keeps fighting.} 24. Rxd7 Re4) 24. f4 Rh6 25. Qe7 ({Don't do} 25. Qd4 c6 $18) 25... Qe8 26. Rd7 (26. Qxc7 Qxb5 27. Rf3 Rf8 $16) 26... Qxe7 27. Rxe7 $18 {[%emt 0:00:05][%mdl 4096] Endgame KRR-KRR} c6 {[%emt 0:00:22] [#]} 28. b6 (28. Rxb7 cxb5 29. Rxb5 Rc8 $16) 28... Kg6 $2 (28... Rb8 {was called for.} 29. Rc1 Kg6 30. Rxc4 Rhh8) 29. Rxb7 Rhh8 30. Rc7 Kf5 31. Rc1 (31. Rxg7 Rad8 32. b7 c3 33. Rf7+ Ke4 $18) (31. Rxc6 Rac8 32. g4+ Ke4 33. Rxe6 c3 $18) 31... Kxf4 32. Rxc4+ Kxe5 33. R4xc6 ({Weaker is} 33. R7xc6 Rhd8 34. Rc1 Rd6 35. R6c5+ Rd5 $18) 33... Rhb8 34. Re7 {[%emt 0:01:38] [#] Threatens to win with b7.} ({Not} 34. Rxg7 Kd5 35. Rgc7 Ra6 36. Rc5+ Ke4 $18) 34... Ra6 (34... Kd5 $142) 35. Rexe6+ Kd5 36. Kf2 Rb7 37. a4 Ra8 38. Rg6 Rf8+ 39. Kg3 Rff7 40. Rc8 {[%emt 0:00:00] Strongly threatening Ra8.} Ke4 $2 (40... Rf6) 41. Rc5 Rbd7 42. Re6+ Kd4 43. Rxa5 Kc4 44. Rae5 Rd2 45. Re2 Rd3+ 46. R2e3 {[%emt 0:00:40] Rxd3 would be deadly.} Rd2 47. Rf3 Rfd7 48. Rc6+ Kb4 49. Rc7 {[%emt 0:00:43] White threatens b7 and mate.} R7d6 50. Rxg7 Rxb6 51. Rg4+ Ka5 52. h4 Ka6 53. h5 Rbb2 54. Rf6+ {[%emt 0:00:13] White mates.} Ka5 55. Rf5+ Kb6 56. Rg6+ Kc7 57. Rf7+ Rd7 58. Rxd7+ Kxd7 {[%emt 0:00:03] KR-KR} 59. h6 Rb1 60. Kf4 Rb4+ 61. Kf5 Rxa4 62. Rg7+ Kd6 63. g4 Ra1 64. h7 Rh1 65. Ke4 {[%emt 0:00:18] Weighted Error Value: White=0.32/Black=0.50} 1-0

[Event "European Women-ch 2023"]
[Site "Petrovac"]
[Date "2023.03.18"]
[Round "1.15"]
[White "Vega Gutierrez, Sabrina"]
[Black "Abdinova, Narmin"]
[Result "1-0"]
[ECO "B82"]
[WhiteElo "2361"]
[BlackElo "2090"]
[Annotator "TA"]
[PlyCount "52"]
[EventDate "2023.03.15"]
[EventType "swiss"]
[EventCountry "MNE"]
[SourceTitle "playchess.com"]
[Source "ChessBase"]
[SourceQuality "1"]
[TimeControl "40/5400+30:1800+30"]

1. e4 c5 2. Nf3 d6 3. d4 cxd4 4. Nxd4 Nf6 5. Nc3 a6 6. Bd3 e6 7. f4 Be7 8. Qf3 {[%emt 0:12:31] B82: Sicilian Scheveningen: 6 f4.} Nbd7 9. g4 {[%emt 0:02:52] [#]} h6 $146 ({Predecessor:} 9... Nc5 10. g5 Nfd7 11. Bd2 b5 12. Nc6 Qc7 13. Nxe7 Kxe7 14. a3 Bb7 15. Qh3 Rac8 16. Rf1 {½-½ Nestorovic,K (1849)-Markovic,D (2013) Sarajevo Bosna op 46th 2016 (4)}) 10. Be3 (10. Nb3 $14) 10... Nc5 (10... g5 $11 11. Nde2 (11. fxg5 Ne5 $17) 11... gxf4 12. Bxf4 h5) 11. O-O-O $14 Nfd7 ({Black should play} 11... Qc7 $1 $14) 12. Be2 $16 {[%emt 0:04:55] White is more active.} O-O $2 (12... Qc7 $16 {was necessary.}) 13. b4 Qc7 14. bxc5 dxc5 {[%emt 0:00:17] [#]} 15. Nf5 {[%emt 0:05:52][%mdl 64] Deflection} ({Weaker is} 15. Nb3 c4 $16) 15... Bf6 (15... exf5 16. Nd5 (16. exf5 Nb6 $11) (16. gxf5 Nf6 $16) 16... fxg4 17. Nxe7+ (17. Nxc7 gxf3 18. Bxf3 Rb8 $14) 17... Kh8) 16. e5 $18 Nxe5 17. fxe5 Bxe5 {[%emt 0:00:03] [#]} (17... Qxe5 $142 18. Nxh6+ gxh6) 18. Nxh6+ $1 gxh6 19. Bxh6 {[%emt 0:00:07] Threatens to win with Ne4.} Qa5 20. Nb1 Re8 21. Rhf1 Qc7 22. Bd3 c4 23. Be4 {[%emt 0:01:16] Black must now prevent Qh3.} f6 24. Qh3 {[%emt 0:13:31][%cal Of1f6] White threatens Rxf6! and mate.} Qb6 25. c3 Qc7 26. Qh5 Qe7 {[%emt 0:00:32] White took control after the opening. Excellently played by Vega Gutierrez!   Weighted Error Value: White=0.13 (very precise) /Black=1.33} 1-0

[Event "European Women-ch 2023"]
[Site "Petrovac"]
[Date "2023.03.18"]
[Round "1.15"]
[White "Eric, Jovana"]
[Black "Silva, Ana Ines Teixeira Da"]
[Result "1-0"]
[ECO "C50"]
[WhiteElo "2230"]
[BlackElo "1792"]
[Annotator "TA"]
[PlyCount "105"]
[EventDate "2023.03.15"]
[EventType "swiss"]
[EventCountry "MNE"]
[SourceTitle "playchess.com"]
[Source "ChessBase"]
[SourceQuality "1"]
[TimeControl "40/5400+30:1800+30"]

1. e4 e5 2. Nf3 Nc6 3. Bc4 Nf6 4. d3 Bc5 5. Nc3 a6 6. Bg5 h6 7. Bxf6 Qxf6 8. Nd5 Qd8 9. c3 d6 10. d4 Ba7 {[%emt 0:02:34] 10...Ba7 is better than 10...exd4. C50: Hungarian Defence and Giuoco Pianissimo.} 11. h3 O-O 12. O-O Re8 {[%emt 0:04:30] The position is equal.} 13. Re1 Be6 {[%emt 0:08:10] [#]} 14. Bf1 $146 (14. Bb3 $11) ({Predecessor:} 14. a3 Na5 15. Ba2 c6 16. Ne3 Bxa2 17. Rxa2 b5 18. b4 Nb7 19. dxe5 dxe5 20. Rd2 Bxe3 21. Rxd8 Raxd8 {1-0 Hjartarson,J (2519)-Vasquez Schroder,R (2459) Titled Tuesday intern op 03rd Aug blitz 2021 (3)}) 14... exd4 $17 15. c4 (15. Qb3 $142) 15... Ne5 16. Nxd4 {[%emt 0:15:32] [#]} (16. a4 $17) 16... Bxh3 $1 $19 17. Ne3 (17. Rc1 c6) 17... Bxd4 18. Qxd4 Qg5 19. Qd1 {[%emt 0:02:36] Prevents Nf3+.} Re6 (19... c6 $17 {aiming for ...Re6.} 20. Rc1 Rad8) 20. Nd5 $1 $15 Rg6 $2 (20... Bg4 $11 {and Black stays safe.} 21. f4 Qd8) 21. f4 $18 {[%emt 0:02:34][%mdl 64] Deflection, Double Attack} (21. Nxc7 Bxg2) 21... Qh4 {[%emt 0:06:39] Hoping for ...Bg4.} 22. fxe5 dxe5 (22... c6 $142) 23. Re3 {[%emt 0:04:02] Black must now prevent Qe1.} Bg4 24. Qe1 Qd8 25. Be2 c6 26. Bxg4 (26. Nb4 $142) 26... Rxg4 $16 27. Nc3 Qg5 28. Re2 Rd8 29. Rd1 {[%emt 0:02:26] Against Rd3} Rd4 30. b3 h5 {[%emt 0:00:43] [#]} (30... Rh4 $14 31. Re3 b5) 31. Qf2 $1 c5 (31... h4 $16 {was necessary.}) 32. Rxd4 (32. Rf1 $6 Rf4 33. Qe3 Qg4) (32. Qf5 $18 {and White stays clearly on top.}) 32... exd4 ({Better is} 32... cxd4 33. Nd5 f6) 33. Nd5 d3 (33... b5 $16 {keeps fighting.}) 34. Re1 (34. Rd2 $18 {is more deadly.}) 34... Rg3 $2 {[%emt 0:01:10] [#]} (34... h4 $16 {is a better defense.}) 35. Ne7+ $1 $18 {[%emt 0:02:50][%mdl 576] Deflection} Kh8 36. Nf5 (36. Qxf7 Rxg2+ 37. Kh1 Rg1+ 38. Rxg1 Qh4+ 39. Kg2 Qg4+ 40. Kh2 Qh4+ 41. Kg2 Qg4+ 42. Kh2 Qh4+ 43. Kg2 $11) 36... Rg4 (36... d2 $142 37. Nxg3 {[%mdl 64] Discovered Attack} (37. Qxg3 $2 Qxg3 38. Rf1 Qe1 $19) 37... dxe1=N) 37. Nd6 (37. Qxc5 $2 Rxg2+ 38. Kh1 d2 $19) 37... Qe7 38. e5 (38. Qxf7 Qg5 39. Qf2 (39. Nxb7 $2 Rxg2+ 40. Kh1 Re2 $19) 39... Kg8 $18) (38. Nxf7+ Kg8 $16) 38... h4 (38... Kg8 $142 39. Qxc5 d2) 39. Qf3 (39. Qf5 $142 Kg8 40. Qc8+ Qf8 41. Qxg4) 39... d2 40. Rd1 (40. Nxf7+ $2 Qxf7 41. Qxf7 dxe1=Q+ $19) 40... Rg3 41. Qh5+ ({Less strong is} 41. Nxf7+ Kg8 42. Qd5 Qxf7 43. Rxd2 (43. Qxc5 Rd3 $15) 43... Rg6 $16) 41... Kg8 42. Nf5 Qd8 43. Nxg3 hxg3 44. Qf3 (44. Rf1 {is a self mate.} Qd4+ 45. Kh1 g6 46. Qg5 d1=Q 47. Qxg3 Qxf1+ 48. Kh2 Qdg1+ 49. Kh3 Qh1+ 50. Qh2 Qfxg2+ 51. Kh4 Qhxh2#) 44... Qd4+ 45. Kf1 b5 46. cxb5 axb5 47. Ke2 c4 48. Rxd2 Qxe5+ 49. Kf1 c3 50. Rd8+ {[%emt 0:00:36] White mates.} Kh7 51. Rd5 ({Inferior is} 51. Qxf7 c2 52. Qg8+ Kg6 $11) 51... Qe8 52. Qxc3 Qe6 53. Qd3+ {[%emt 0:00:07] Weighted Error Value: White=0.40/Black=0.60} 1-0

[Event "European Women-ch 2023"]
[Site "Petrovac"]
[Date "2023.03.18"]
[Round "1.16"]
[White "Hapala, Elisabeth"]
[Black "Mammadova, Gulnar"]
[Result "0-1"]
[ECO "C07"]
[WhiteElo "2072"]
[BlackElo "2358"]
[Annotator "TA"]
[PlyCount "84"]
[EventDate "2023.03.15"]
[EventType "swiss"]
[EventCountry "MNE"]
[SourceTitle "playchess.com"]
[Source "ChessBase"]
[SourceQuality "1"]
[TimeControl "40/5400+30:1800+30"]

1. e4 e6 2. d4 d5 3. Nd2 c5 4. exd5 Qxd5 5. Ngf3 cxd4 6. Bc4 Qd7 {[%emt 0:00:09] C07: French Tarrasch: 3...c5, 4 Ngf3 and 4 exd5 Qxd5.} 7. O-O Nc6 8. Nb3 a6 {[%emt 0:00:17] The position is equal.} 9. Nbxd4 Nxd4 10. Nxd4 Bc5 11. Be3 {[%emt 0:10:49][%cal Od4e6] [#] aiming for Nxe6!} Nf6 12. c3 O-O 13. Qf3 {[%emt 0:06:59][%cal Od4e6] Nxe6! would be deadly.} Qc7 {[%emt 0:04:25] And now ...Bxd4 would win.} 14. Bb3 e5 {[%emt 0:03:27] [#]} 15. Nf5 $146 ({Predecessor:} 15. Nc2 Bg4 16. Qg3 Bf5 17. Bxc5 Qxc5 18. Ne3 Bg6 19. Rfd1 Rad8 20. Qh4 h6 21. h3 {½-½ Popovic,D (2438)-Volkov,S (2620) EU-ch Internet qual blitz 2003 (9)}) 15... e4 (15... Bxf5 {simplifies} 16. Bxc5 Qxc5 17. Qxf5 a5) 16. Qg3 Qxg3 17. Nxg3 Bxe3 18. fxe3 Bd7 (18... a5 $11 {keeps the balance.}) 19. Rad1 {[%emt 0:01:51][%cal Of1f6] [#] Black must now prevent Rxf6!} Bb5 20. c4 Bc6 21. Nf5 Rfe8 {[%emt 0:06:53] Against Ne7+} 22. Rd4 Re5 23. Nd6 Rf8 24. h3 h6 25. Rf4 Ne8 26. Nxe4 (26. c5 $16 Nf6 27. Rf5) 26... g5 $11 27. Nf6+ $1 Nxf6 28. Rxf6 Kg7 $36 {[%emt 0:00:06][%mdl 2048] Black is more active.} 29. Rdd6 Rxe3 30. c5 (30. Rxh6 $2 {perishes.} f6 31. Rh5 Re2 32. Rxc6 bxc6 $19) (30. Bc2 $11 {was preferrable.}) 30... Re5 $15 31. Rxh6 $2 {[%emt 0:01:08][%mdl 8192] Now White is beyond hope.} (31. h4 $15) 31... f6 $19 32. Rh5 Be8 (32... Rxc5 $2 {is the wrong capture.} 33. Kh2 $19) 33. g4 Rxc5 ({Wrong is} 33... Bxh5 $2 34. gxh5 Rxc5 35. Rd7+ Kh6 36. Bd1 $19) 34. h4 (34. Rd2 $142) 34... Bxh5 35. gxh5 gxh4 {[%emt 0:00:21][%mdl 4096] Endgame KRR-KRB} 36. Rd7+ Kh6 37. Rxb7 Rxh5 {[%emt 0:01:19] ...Rd8 is the strong threat.} 38. Ra7 a5 39. Kh2 Rd8 {[%emt 0:00:33] Inhibits Rd7.} 40. Kh3 Rd3+ 41. Kg4 Rd4+ 42. Kh3 Re5 {[%emt 0:00:08] Weighted Error Value: White=0.53/Black=0.12 (very precise)} 0-1

[Event "European Women-ch 2023"]
[Site "Petrovac"]
[Date "2023.03.18"]
[Round "1.16"]
[White "Zhezhovska, Monika"]
[Black "Mamedjarova, Turkan"]
[Result "0-1"]
[ECO "D36"]
[WhiteElo "1761"]
[BlackElo "2229"]
[Annotator "TA"]
[PlyCount "42"]
[EventDate "2023.03.15"]
[EventType "swiss"]
[EventCountry "MNE"]
[SourceTitle "playchess.com"]
[Source "ChessBase"]
[SourceQuality "1"]
[TimeControl "40/5400+30:1800+30"]

1. d4 d5 2. c4 e6 3. Nc3 Nf6 4. Bg5 Be7 5. e3 O-O 6. Nf3 Nbd7 7. Qc2 c6 8. cxd5 exd5 9. Bd3 Re8 10. O-O Nf8 11. Ne5 Ng4 12. Bxe7 Qxe7 13. Nxg4 Bxg4 14. Rae1 Qg5 {[%emt 0:03:13] D36: Queen's Gambit Declined: Exchange Variation: Main line (5 Bg5 c6 6 Qc2).} 15. f3 Bd7 16. Qf2 {[%emt 0:00:52] [#]} f5 $146 {[%emt 0:06:10] The position is equal.} ({Predecessor:} 16... Qf6 17. g4 Ng6 18. Qg3 Rac8 19. g5 Qd8 20. f4 f5 21. Qh3 Rf8 22. Qh5 {1-0 Suto,G (2150)-Vasvari,B (1850) HUN-chT3 Hungary 1997}) 17. e4 f4 18. b3 Kh8 19. Kh1 Re6 20. Rg1 (20. Re2 $14) 20... Qh5 $11 {[%emt 0:06:47][%cal Oh5h2] ( -> ...Qxh2+!)} 21. e5 $2 {[%emt 0:04:33][%mdl 8192] [#]} (21. g3 $11) 21... Qxh2+ $3 {[%emt 0:01:14][%mdl 576] Decoy. An entertaining game by Mamedjarova.   Weighted Error Value: White=0.89/Black=0.11 (very precise)} 0-1

[Event "European Women-ch 2023"]
[Site "Petrovac"]
[Date "2023.03.18"]
[Round "1.17"]
[White "Tsolakidou, Stavroula"]
[Black "Slaba, Andrea"]
[Result "1-0"]
[ECO "B12"]
[WhiteElo "2358"]
[BlackElo "2061"]
[Annotator "TA"]
[PlyCount "75"]
[EventDate "2023.03.15"]
[EventType "swiss"]
[EventCountry "MNE"]
[SourceTitle "playchess.com"]
[Source "ChessBase"]
[SourceQuality "1"]
[TimeControl "40/5400+30:1800+30"]

1. e4 c6 2. d4 d5 3. e5 c5 4. Nf3 Nc6 5. dxc5 e6 6. Be3 {[%emt 0:04:24] B12: Caro-Kann: Advance Variation.} Nh6 7. c3 Nf5 8. Bd4 $1 {[%emt 0:04:04] White is slightly better. The main line 8.Bd4 scores better than 8.Qd2.} f6 (8... Bd7 $11) 9. Bb5 $16 Bd7 10. Bxc6 Bxc6 11. O-O {[%emt 0:00:12] [#]} Be7 $146 ({Predecessor:} 11... Rc8 12. Re1 Bd7 13. b4 b6 14. cxb6 axb6 15. Qd3 Nxd4 16. Qxd4 Be7 17. exf6 gxf6 {½-½ Mrdja,M (2402)-Valsecchi,A (2338) Codogno op 3rd 2011 (3)}) 12. Re1 Bd7 13. exf6 gxf6 14. b4 (14. Ng5 {looks sharper.} Ng7 15. Qd3 Kf8 16. Nf3) 14... O-O 15. Na3 a5 16. Nc2 axb4 17. cxb4 Nxd4 18. Qxd4 ({But not} 18. Ncxd4 e5 $11) 18... Qe8 (18... Kh8 $14) 19. Ne3 Qf7 20. Qd3 (20. a4 $16) 20... Kh8 21. Re2 (21. Nd4 $16) 21... Qg7 22. Rae1 Rg8 (22... Bd8 $14 {is superior.}) 23. g3 {[%emt 0:01:46][%cal Oe3f5] Hoping for Nf5!} Rae8 (23... Bf8 $16) 24. Nd4 $18 Bd8 25. b5 (25. Nb5 $18) 25... e5 $16 {[%emt 0:01:15] [#]} 26. c6 $1 {[%emt 0:01:30] White has more active pieces.} bxc6 27. bxc6 Bc8 (27... Bh3 $16 {keeps fighting.}) 28. Nxd5 $18 {[%emt 0:04:25] Nb5 would be deadly. A dynamic duo of knights.} Ba5 29. Rc1 ({White has to play} 29. Nf5 $18 Bxf5 30. Qxf5 Bxe1 31. Rxe1) 29... exd4 $15 30. Rxe8 Rxe8 31. Qxd4 f5 ({Black should play} 31... Re5 $15) 32. Qc5 $11 Bd2 33. Rd1 $36 {[%emt 0:00:35][%mdl 2048] White is more active.} Bg5 34. c7 f4 35. Nb6 {[%emt 0:00:36] Black must now prevent Nxc8.} (35. a4 $5 ) 35... fxg3 36. hxg3 {[%emt 0:00:12] Strongly threatening Qc6.} Be3 $2 {[%emt 0:01:26][%mdl 8192] [#]} 37. Qxe3 {[%emt 0:00:11][%mdl 64] Deflection} (37. fxe3 {leads to mate.} Qxg3+ 38. Kf1 Qf3+ 39. Ke1 Rxe3+ 40. Kd2 Rd3+ 41. Kc2 Qxd1+ 42. Kb2 Rd2+ 43. Ka3 Qf3+ 44. Kb4 Rb2+ 45. Ka5 Rxa2+ 46. Na4 Qa8+ 47. Kb4 Qxa4+ 48. Kc3 Rc2+ {[%mdl 64] Skewer} 49. Kd3 Rxc5 50. Ke3 Rc2 51. Kf3 Qd4 52. Kg3 Qg4#) 37... Rxe3 38. Rd8+ {[%emt 0:00:04] Weighted Error Value: White=0.30/Black=0.36} 1-0